 Dungeon Crawl Stone Soup version 0.21.1-1-g345015f (webtiles) character file.

338 kae the Insei (level 6, -5/40 HPs)
             Began as an Octopode Transmuter on May 26, 2018.
             Slain by an ogre
             ... wielding a +0 giant spiked club
              (23 damage)
             ... on level 4 of the Dungeon.
             The game lasted 00:02:13 (3125 turns).

kae the Insei (Octopode Transmuter)                 Turns: 3125, Time: 00:02:14

Health: -5/40      AC:  2    Str:  9    XL:     6   Next: 55%
Magic:  7/10       EV: 21    Int: 16    God:
Gold:   216        SH:  0    Dex: 19    Spells: 4/10 levels left

rFire    . . .     SeeInvis .     - Unarmed
rCold    . . .     Gourm    .   (shield currently unavailable)
rNeg     . . .     Faith    .   (helmet currently unavailable)
rPois    x         Spirit   .   (no amulet)
rElec    .         Reflect  .   (no ring)
rCorr    .         Harm     .   (no ring)
MR       .....                  (no ring)
Stlth    ++........             (no ring)
HPRegen  0.13/turn              (no ring)
MPRegen  0.12/turn              (no ring)
                                (no ring)
                                (no ring)

@: spider-form
A: tiny, almost no armour, stealthy swim, (amphibious), 8 rings, (constrict 8)
a: End Transformation


You were on level 4 of the Dungeon.
You were not hungry.
You were a venomous arachnid creature.
You visited 1 branch of the dungeon, and saw 4 of its levels.

You collected 216 gold pieces.

Inventory:

Missiles
 a - 32 arrows
Wands
 i - a wand of digging (7)
Scrolls
 d - 3 scrolls of magic mapping {unknown}
 e - a scroll of teleportation {unknown}
 h - 6 scrolls of identify {unknown}
 j - a scroll of enchant weapon {unknown}
 k - a scroll of remove curse {unknown}
 m - a scroll of blinking {unknown}
 n - a scroll of enchant armour {unknown}
 q - 2 scrolls of fear {unknown}
Potions
 f - 3 potions of curing {unknown}
 g - a potion of mutation {unknown}
 l - 4 potions of agility {unknown}
 o - a potion of heal wounds {unknown}
 p - a potion of haste {unknown}
Books
 b - a book of Changes

   Spells                             Type                      Level
   a - Beastly Appendage              Transmutation                1
   b - Sticks to Snakes               Transmutation                2
   c - Spider Form                    Transmutation/Poison         3
   d - Ice Form                       Ice/Transmutation            4
   e - Blade Hands                    Transmutation                5
Comestibles
 c - 10 rations


   Skills:
 + Level 2.3 Fighting
 + Level 3.1 Dodging
 * Level 4.6 Unarmed Combat
 + Level 2.8 Spellcasting
 * Level 3.8 Transmutations


You had 4 spell levels left.
You knew the following spells:

 Your Spells              Type           Power        Failure   Level  Hunger
a - Beastly Appendage     Tmut           ##....       12%         1    #......
b - Sticks to Snakes      Tmut           ##......     17%         2    ##.....
c - Spider Form           Tmut/Pois      #.........   47%         3    ###....


Dungeon Overview and Level Annotations

Branches:
Dungeon (4/15)
 Temple: D:4-7

Altars:
Trog

Annotations:
D:4 exclusion: orc priest, Edmund


Innate Abilities, Weirdness & Mutations

You cannot wear most types of armour.
You are very stealthy in the water. (Stealth+)
((You are amphibious.))
You can wear up to eight rings at the same time.
((You can use your tentacles to constrict eight enemies at once.))
((Your skin changes colour to match your surroundings (Stealth+).))
((Your rubbery body absorbs attacks. (AC +1, EV +1)))


Message History

There are monsters nearby!
There are monsters nearby!
Casting: Spider Form
Confirm with . or Enter, or press ? or * to list all spells.
You turn into a venomous arachnid creature.
The hound barks!
You hear a shout!
The ogre hits you with a giant spiked club!
You bite the ogre!
The ogre is poisoned.
The ogre is moderately wounded.
The hound misses you.
The ogre hits you with a giant spiked club.
You bite the ogre!
The ogre looks as sick as possible!
The ogre is heavily wounded.
The hound closely misses you.
You hit the ogre but do no damage.
The ogre looks as sick as possible!
The ogre is severely wounded.
The hound misses you.
The ogre hits you with a giant spiked club!!
Ouch! That really hurt!
You die...

..# #.# . #.#
.. #.# ... #.#
.>.. #.# .....
####.#......
#...sO......
#....h......
...[.......?...
####.....#.....
#.....#.....
####### ....
... .##


You could see an ogre and a hound.

Vanquished Creatures
  Sigmund (D:2)
  An ogre (D:4)
  A worker ant (D:4)
  An adder (D:2)
  3 worms
  2 leopard geckos (D:3)
  4 orcs (D:3)
  A ball python (D:2)
  13 bats
  3 giant cockroaches
  9 goblins
  6 hobgoblins
  2 jackals (D:2)
  2 kobolds
  2 frilled lizards
  6 rats
57 creatures vanquished.

Notes
Turn   | Place    | Note
-------+----------+-------------------------------------------
     0 | D:1      | kae the Octopode Transmuter began the quest for the Orb.
     0 | D:1      | Reached XP level 1. HP: 13/13 MP: 3/3
    44 | D:1      | Reached XP level 2. HP: 12/18 MP: 3/5
   691 | D:2      | Reached XP level 3. HP: 16/23 MP: 4/6
   897 | D:2      | Noticed Sigmund
   903 | D:2      | Learned a level 3 spell: Spider Form
   914 | D:2      | Killed Sigmund
   914 | D:2      | Reached skill level 4 in Unarmed Combat
   914 | D:2      | Reached XP level 4. HP: 25/29 MP: 4/7
   914 | D:2      | Reached XP level 5. HP: 29/34 MP: 4/8
   953 | D:2      | Learned a level 2 spell: Sticks to Snakes
  1886 | D:3      | Reached XP level 6. HP: 12/39 MP: 9/9
  2949 | D:4      | Found a bloodstained altar of Trog.
  2980 | D:4      | Noticed Edmund
  3125 | D:4      | Slain by an ogre

Skill      XL: |  1  2  3  4  5  6 |
---------------+-------------------+-----
Fighting       | 2 |  2.3
Unarmed Combat | 4 |  4.6
Transmutations | 3 |  3.8
Dodging        | 3 |  3.1
Spellcasting   | |  2.8

Action                   |  1- 3 |  4- 6 || total
-------------------------+-------+-------++-------
Melee: Unarmed           |    49 |    85 ||   134
       Constrict         |    13 |    21 ||    34
       Tentacles         |     5 |    11 ||    16
       Kick              |     4 |    12 ||    16
       Punch             |       |     3 ||     3
 Cast: Beastly Appendage |     6 |     7 ||    13
       Spider Form       |     1 |     2 ||     3
 Stab: Sleeping          |     6 |     4 ||    10
  Eat: Chunk             |       |     7 ||     7
Armor: Skin              |     8 |     8 ||    16
Dodge: Dodged            |    30 |    44 ||    74
